Map: Overgrown Facility

Players

JaySlays - Winner!

  • Race: Protoss Protoss
  • Spawn Location: 3:00

Wolf - Winner!

  • Race: Zerg Zerg
  • League: Diamond
  • Spawn Location: 1:00

Xijesal

  • Race: Terran Terran
  • Spawn Location: 9:00

DuckHunt

  • Race: Terran Terran
  • League: Platinum
  • Spawn Location: 7:00

VOD

Have the link to the VOD?

Description

Time

  • Played on: April 22, 2018, 3:15 a.m.
  • Length: 14:19
Show
View Real Time Build Order
Export as new Build Order

JaySlays Protoss - Winner!

Build Orders: Zealot Archon 

Get SALT Encoding   

  12  0:01  Probe  
  13  0:13  Probe  
  14  0:19  Pylon  
  14  0:25  Probe  
  15  0:32  Assimilator  
  15  0:38  Probe  
  16  0:49  Gateway  
  16  0:50  Probe  
  17  0:58  Probe  
  18  1:13  Probe  
  19  1:25  Probe  
  20  1:37  Probe  
  20  1:38  Assimilator  
  21  1:44  Cybernetics Core  
  23  1:49  Probe  
  23  1:51  Pylon  
  22  2:00  Warp Gate  
  22  2:01  Probe  
  23  2:13  Probe  
  24  2:25  Nexus  
  24  2:26  Stalker  
  26  2:37  Probe  
  26  2:44  Gateway  
  27  2:57  Probe  
  28  3:01  Stalker  
  30  3:09  Probe  
  31  3:27  Stalker  
  31  3:28  Pylon  
  31  3:37  Probe  
  34  3:46  Probe  
  35  3:49  Probe  
  36  3:58  Probe  
  36  4:01  Gateway x2  
  37  4:08  Stalker x2  
  41  4:22  Probe  
  41  4:23  Probe  
  43  4:26  Assimilator x2  
  43  4:34  Probe  
  43  4:35  Stalker x2  
  48  4:41  Probe, Twilight Council  
  49  4:47  Probe  
  49  4:49  Probe  
  50  4:58  Probe  
  50  4:59  Probe  
  52  5:01  Robotics Facility  
  53  5:11  Pylon, Probe  
  53  5:12  Pylon  
  54  5:14  Pylon  
  54  5:24  Templar Archives  
  46  6:04  Stalker x2  
  46  6:05  Stalker x2  
  48  6:15  Forge  
  48  6:20  Immortal  
  48  6:22  Gateway  
  48  6:23  Probe x2, Psionic Storm  
  50  6:27  Gateway  
  50  6:29  Gateway  
  54  6:35  Probe x2  
  54  6:38  Charge  
  56  6:43  High Templar x3  
  56  6:44  High Templar  
  64  6:47  Archon  
  64  6:48  Archon  
  64  6:53  Photon Cannon  
  64  6:54  Protoss Ground Weapons Level 1  
  64  6:56  Photon Cannon  
  64  6:58  Probe  
  64  6:59  Probe  
  66  7:20  High Templar x2  
  66  7:21  High Templar x2  
  74  7:24  Archon  
  74  7:25  Archon  
  74  7:26  Zealot x2  
  78  7:31  Pylon  
  78  7:36  Pylon  
  78  7:47  Pylon  
  54  8:00  Zealot  
  54  8:01  Zealot x5  
  54  8:02  Zealot  
  68  8:08  Immortal  
  54  8:22  Zealot x3  
  54  8:23  Zealot x2  
  60  8:27  High Templar  
  56  8:37  Photon Cannon  
  56  8:39  Photon Cannon  
  47  8:56  Zealot x3  
  47  8:57  Zealot  
  55  9:04  Zealot  
  53  9:23  Probe  
  54  9:33  Pylon, Probe  
  55  9:39  Pylon  
  55  9:46  Robotics Facility  
  55  9:52  Zealot x2  
  57  9:53  Zealot  
  61  10:12  High Templar x5  
  61  10:13  High Templar  
  73  10:17  Archon x2  
  73  10:18  Robotics Facility  
  73  10:26  Probe x2  
  75  10:38  Nexus  
  75  10:41  High Templar x2  
  75  10:42  High Templar x2  
  83  10:45  Archon  
  83  10:46  Archon  
  83  10:47  Zealot  
  83  10:48  Zealot  
  87  10:56  Immortal  
  87  11:07  Photon Cannon  
  59  11:49  Archon  
  59  11:57  Stalker x3  
  59  11:58  Stalker x2  
  59  11:59  Zealot  
  71  12:03  Probe  
  71  12:04  Probe x2  
  74  12:09  Gateway  
  74  12:11  Probe, Gateway  
  74  12:12  Probe x2  
  75  12:16  Immortal  
  75  12:21  High Templar x3  
  87  12:29  Assimilator  
  87  12:33  Assimilator  
  87  12:38  Robotics Facility  
  87  12:42  Forge  
  87  12:50  Zealot  
  87  12:51  Zealot x2  
  93  12:54  Zealot x3  
  93  12:55  Immortal  
  103  13:03  Pylon  
  103  13:10  Probe  
  103  13:13  Pylon, Probe x2  
  103  13:18  Probe  
  106  13:22  High Templar x3  
  106  13:25  Probe, High Templar  
  106  13:26  Archon  
  116  13:28  Probe  
  116  13:30  Archon  
  116  13:31  Zealot x2  
  121  13:37  Immortal  
  121  13:39  Immortal  
  121  13:40  Probe  
  130  13:47  Photon Cannon  
  130  13:55  Pylon  
  130  13:56  Pylon  
Show
View Real Time Build Order
Export as new Build Order

Wolf Zerg - Winner!

Build Orders: Hatch First 

Get SALT Encoding   

  12  0:10  Drone x2  
  14  0:17  Overlord  
  14  0:36  Drone x2  
  14  0:42  Drone  
  17  0:57  Hatchery  
  17  1:00  Drone  
  17  1:04  Drone  
  19  1:18  Drone  
  19  1:19  Extractor  
  19  1:23  Spawning Pool  
  17  1:26  Drone  
  18  1:36  Drone  
  19  1:57  Overlord  
  19  1:59  Drone  
  20  2:10  Queen x2  
  20  2:11  Zergling x4  
  26  2:19  Zergling x2  
  27  2:25  Metabolic Boost  
  27  2:32  Drone x2  
  27  2:33  Drone  
  30  2:46  Drone x2  
  32  3:08  Hatchery  
  31  3:13  Drone  
  31  3:14  Drone x3  
  35  3:21  Baneling Nest  
  35  3:23  Drone x2, Evolution Chamber  
  35  3:24  Drone  
  35  3:26  Overlord  
  33  3:41  Zergling x2  
  33  3:42  Zergling x4  
  33  3:45  Zergling x4  
  33  3:48  Queen  
  40  3:50  Zerg Melee Weapons Level 1  
  36  4:11  Zergling x4  
  36  4:12  Zergling x10  
  36  4:13  Zergling x2  
  43  4:33  Drone x7  
  43  4:34  Overlord  
  43  4:35  Overlord x2  
  50  4:50  Overlord  
  50  4:52  Queen  
  50  4:54  Extractor  
  50  4:56  Lair  
  50  4:57  Extractor  
  50  5:05  Drone x9  
  60  5:07  Drone  
  60  5:21  Extractor, Drone  
  59  5:22  Drone x3, Evolution Chamber  
  54  6:04  Zergling x2  
  54  6:05  Zergling x16  
  63  6:13  Zerg Melee Weapons Level 2  
  63  6:14  Zerg Missile Weapons Level 1  
  63  6:18  Hydralisk Den  
  63  6:22  Drone  
  63  6:23  Drone x4  
  67  6:29  Queen  
  67  6:31  Overlord x2  
  67  6:32  Hatchery  
  68  6:33  Zergling x2  
  69  6:42  Extractor  
  69  6:43  Extractor  
  67  6:55  Spire, Muscular Augments  
  67  6:57  Centrifical Hooks  
  66  7:03  Drone  
  66  7:04  Drone x11  
  78  7:12  Drone x2  
  80  7:18  Hydralisk  
  80  7:19  Hydralisk x3  
  88  7:28  Overseer  
  88  7:30  Pneumatized Carapace  
  88  7:32  Hydralisk x4  
  88  7:33  Zergling x4  
  93  7:51  Zergling x20  
  68  8:30  Zergling x26  
  68  8:31  Zergling x6  
  84  8:39  Hydralisk  
  84  8:40  Hydralisk x7  
  90  9:03  Zergling x2  
  90  9:04  Zergling x18  
  98  9:32  Drone x4  
  98  9:33  Drone  
  102  9:48  Overlord  
  102  9:49  Overlord x7  
  102  9:51  Baneling  
  102  9:52  Baneling x17  
  102  9:53  Baneling x3  
  102  9:56  Zergling x2  
  103  10:06  Hydralisk  
  105  10:07  Hydralisk x8  
  121  10:21  Queen  
  121  10:28  Grooved Spines  
  123  10:29  Infestation Pit  
  122  10:42  Spine Crawler  
  121  10:43  Spine Crawler, Zergling x24  
  109  11:51  Hydralisk x2  
  109  11:52  Hydralisk x6, Zergling x8  
  109  11:53  Hydralisk x4, Zergling x10  
  109  11:54  Zergling x4  
  136  12:05  Hydralisk  
  136  12:06  Hydralisk x9  
  155  12:26  Overlord x3  
  155  12:27  Overlord x2  
  155  12:29  Overlord  
  154  12:40  Infestation Pit  
  153  12:46  Hive  
  154  13:10  Zergling x2  
  154  13:11  Zergling x26  
  168  13:16  Hatchery  
  165  13:22  Baneling x10, Extractor  
  165  13:23  Baneling x8  
  164  13:33  Zergling x26  
Show
View Real Time Build Order
Export as new Build Order

Xijesal Terran 

Build Orders: Hellion Opening, Bio Tank 

Get SALT Encoding   

  12  0:01  SCV  
  13  0:13  SCV  
  14  0:18  Supply Depot  
  14  0:25  SCV  
  15  0:35  Refinery  
  15  0:41  SCV  
  16  0:47  Barracks  
  16  0:53  SCV  
  17  1:06  SCV  
  18  1:18  SCV  
  19  1:35  Orbital Command  
  19  1:39  Factory  
  19  1:44  Supply Depot  
  19  1:46  Refinery  
  19  1:57  Barracks Reactor  
  19  2:03  SCV  
  20  2:13  Supply Depot  
  20  2:15  SCV  
  21  2:27  SCV  
  22  2:33  Factory  
  22  2:41  Hellion x2  
  22  2:43  SCV  
  27  2:49  Barracks Tech Lab  
  27  2:56  SCV  
  28  3:03  Hellion x2  
  32  3:08  SCV  
  33  3:19  Hellion, Command Center  
  35  3:23  SCV  
  36  3:30  Supply Depot  
  36  3:43  Hellion  
  38  3:53  Supply Depot  
  38  3:57  Barracks  
  38  3:59  Barracks  
  30  4:31  Starport, SCV  
  29  4:37  Orbital Command  
  27  4:43  SCV  
  28  4:50  Barracks Reactor  
  28  4:51  Factory Tech Lab  
  28  4:53  Stimpack  
  28  4:55  SCV  
  28  4:56  Marine  
  28  4:57  Marine, Marauder  
  28  4:58  Factory Tech Lab  
  33  5:07  SCV x2  
  33  5:12  Starport Reactor  
  35  5:16  Siege Tank  
  35  5:17  Siege Tank  
  35  5:19  SCV x2  
  43  5:29  Marine, Marauder  
  43  5:31  Marine x2, SCV  
  43  5:32  Marine, SCV  
  42  5:44  SCV  
  33  5:56  SCV  
  21  6:08  SCV  
  21  6:10  SCV  
  23  6:20  SCV  
  23  6:22  SCV  
  23  6:25  Marine x3, Marauder  
  27  6:26  Marine  
  27  6:28  Siege Tank x2  
  27  6:30  Supply Depot  
  37  6:34  SCV  
  37  6:39  Medivac  
  40  6:46  SCV  
  40  6:47  Refinery x2  
  41  6:48  Marine x2  
  41  6:49  Marine x2, Marauder  
  47  6:54  SCV  
  47  6:58  SCV  
  47  6:59  Supply Depot  
  49  7:14  Marine x3, Marauder  
  49  7:15  Marine  
  55  7:21  Supply Depot  
  55  7:26  Concussive Shells  
  55  7:30  Medivac  
  55  7:36  Siege Tank  
  54  7:46  Marine x2  
  54  7:47  Marine x2, Marauder  
  57  8:04  Marine x3, Medivac  
  62  8:08  Marauder  
  63  8:18  Marine  
  49  8:20  SCV x2  
  50  8:29  Marauder  
  50  8:32  SCV x2  
  54  8:44  SCV  
  54  8:45  Marine x4  
  59  8:50  Marine  
  46  9:03  Marine  
  46  9:04  Marine  
  46  9:05  Marine x2  
  46  9:07  Siege Tank x2  
  46  9:09  Medivac, Marauder  
  60  9:10  SCV x2  
  62  9:20  Marine  
  62  9:22  Marine x2, SCV  
  62  9:23  Marine, SCV  
  68  9:30  Marauder  
  70  9:34  SCV  
  70  9:35  SCV  
  72  9:38  Marine  
  72  9:39  Medivac, Command Center  
  72  9:40  Marine x2  
  77  9:51  Marauder  
  79  10:05  Marine  
  79  10:06  Marine x3  
  83  10:11  Combat Shields  
  83  10:13  Marauder  
  83  10:14  Barracks  
  85  10:15  Barracks  
  85  10:20  Supply Depot  
  85  10:23  Marine  
  85  10:24  Supply Depot  
  86  10:41  Siege Tank x2  
  92  10:51  Marine  
  92  10:52  Marine x3, Marauder  
  85  11:07  Barracks Tech Lab  
  85  11:09  Marine  
  85  11:10  Barracks Reactor  
  86  11:13  Siege Tank x2  
  86  11:17  Marine x3  
  86  11:18  Marauder  
  97  11:23  SCV x3  
  100  11:27  Marine  
  98  11:34  Marine  
  98  11:35  Marine  
  98  11:39  Marauder  
  58  11:56  Marine x6, Marauder  
  58  12:00  Marauder  
  68  12:09  Medivac  
  68  12:11  Siege Tank  
  68  12:14  Marine x2  
  75  12:17  Marauder  
  75  12:18  SCV x3  
  80  12:30  SCV  
  80  12:35  Refinery  
  81  12:39  Refinery  
  81  12:44  Marauder x2  
  85  12:45  Marine  
  85  12:46  Marine x3  
  85  12:47  Marine x2  
  91  12:53  Medivac  
  91  12:55  Siege Tank x2  
  99  13:03  Marine  
  100  13:07  Supply Depot  
  100  13:24  Medivac  
  102  13:27  Marine x4, Siege Tank x2, Marauder x2  
  102  13:28  Marine  
  102  13:29  Marine  
  118  13:36  Engineering Bay  
  118  13:37  Engineering Bay  
  118  13:44  SCV x2  
  118  13:45  Marine x2  
Show
View Real Time Build Order
Export as new Build Order

DuckHunt Terran 

Build Orders: Bio Tank 

Get SALT Encoding   

  12  0:01  SCV  
  13  0:13  SCV  
  14  0:25  Supply Depot, SCV  
  15  0:33  Refinery  
  15  0:47  SCV  
  16  0:54  Barracks  
  16  0:59  SCV  
  17  1:11  SCV  
  18  1:23  SCV  
  19  1:35  SCV  
  20  1:44  Barracks Reactor  
  20  1:56  Orbital Command  
  20  2:13  Command Center  
  20  2:17  Factory  
  20  2:23  SCV  
  20  2:26  Marine x2  
  23  2:36  Supply Depot  
  23  2:43  Supply Depot  
  23  2:57  Refinery  
  23  2:58  Marine x2, SCV  
  26  3:03  Starport  
  26  3:04  Factory Tech Lab  
  26  3:10  SCV  
  27  3:16  Marine x2  
  29  3:22  SCV  
  29  3:25  Siege Tank  
  33  3:29  Orbital Command  
  33  3:34  SCV  
  33  3:35  Marine  
  35  3:41  Starport Reactor  
  35  3:47  SCV  
  36  3:51  Marine  
  36  3:53  Marine  
  38  3:56  SCV  
  38  4:02  Siege Tank  
  42  4:09  Marine, SCV x2  
  45  4:11  Marine  
  45  4:12  Supply Depot  
  46  4:20  Barracks x2  
  46  4:27  Medivac  
  48  4:35  Medivac  
  48  4:38  Marine x2  
  52  4:42  Refinery  
  52  4:43  SCV x2  
  54  4:46  Refinery  
  54  4:52  Supply Depot  
  54  4:55  SCV  
  54  4:56  Engineering Bay  
  54  4:59  Medivac  
  57  5:03  SCV  
  58  5:07  SCV  
  58  5:11  Marine, Supply Depot  
  58  5:12  Barracks Tech Lab  
  58  5:14  Barracks Tech Lab  
  60  5:16  SCV  
  60  5:19  SCV  
  60  5:20  Marine  
  63  5:28  Terran Infantry Weapons Level 1  
  63  5:33  Supply Depot, Combat Shields  
  63  5:38  Stimpack  
  62  6:09  Marine  
  62  6:10  Marine x3  
  66  6:20  Siege Tank  
  66  6:24  SCV x2  
  71  6:27  Marine x2  
  71  6:28  Marine x2  
  71  6:29  Supply Depot  
  75  6:36  Medivac x2, SCV x2  
  81  6:45  Marine  
  82  6:48  SCV x2  
  82  6:51  Marine  
  82  6:52  Marine x2, Siege Tank  
  90  7:00  SCV x2  
  92  7:03  Marine, Barracks  
  92  7:04  Barracks  
  93  7:09  Marine  
  93  7:15  Supply Depot  
  94  7:30  Supply Depot  
  94  7:36  Marine x4, SCV x2  
  100  7:54  Marine x4  
  91  8:02  Marine x2  
  91  8:04  Siege Tank  
  96  8:11  Marine x4  
  90  8:20  Marine x2  
  92  8:29  Marine x2  
  92  8:36  Siege Tank  
  95  8:44  Marine x4  
  95  8:47  Marine x2  
  100  9:01  Marine x2  
  100  9:02  Marine x2  
  103  9:05  Marine x2  
  82  9:19  Marine x3  
  82  9:20  Marine  
  82  9:23  Marine x2  
  78  9:24  Siege Tank  
  78  9:29  Medivac  
  78  9:30  Medivac  
  85  9:32  Barracks  
  85  9:34  Barracks  
  85  9:37  Marine x2  
  85  9:38  Barracks Reactor x2  
  84  10:00  Siege Tank  
  84  10:01  Command Center  
  87  10:07  Marine x4  
  87  10:09  Factory x2  
  91  10:14  Command Center  
  91  10:16  Marine x4  
  95  10:25  Marine x4  
  95  10:26  SCV x2  
  101  10:32  Siege Tank  
  101  10:34  Marine x4  
  101  10:35  Terran Infantry Armor Level 1  
  108  10:38  SCV x2, Engineering Bay  
  108  10:41  Armory  
  110  10:49  Supply Depot  
  110  10:51  Supply Depot  
  110  11:03  Supply Depot  
  110  11:06  Factory Tech Lab  
  110  11:07  Factory Tech Lab  
  110  11:10  Marine x6, SCV  
  117  11:17  Supply Depot  
  117  11:18  Siege Tank  
  114  11:33  Marine  
  114  11:34  Marine x3  
  114  11:46  Marine x4  
  85  11:50  SCV  
  85  11:51  Marine x2  
  85  11:52  Marine x2  
  69  11:55  Orbital Command  
  67  12:04  Marine x3  
  67  12:07  Siege Tank  
  73  12:09  Marine x3  
  75  12:20  Siege Tank x2  
  81  12:24  Medivac x2  
  85  12:34  Marine x2  
  85  12:35  Marine x6  
  93  12:49  Thor  
  99  12:52  Marine x3, Thor  
  99  12:53  Marine  
  99  12:55  Medivac x2  
  99  12:58  SCV x3  
  116  13:09  Refinery  
  116  13:12  Refinery  
  116  13:17  Thor  
  122  13:20  Marine x6  
  122  13:21  Marine x2  
  122  13:26  Medivac x2  
  134  13:38  Marine x6  
  140  13:48  Marine x2  
  142  13:55  Marine  
  142  13:56  Marine x3  
Tags
 
Add a new tag
Caveats
  • Supply blocks, unpowered buildings, or Contaminate may cause inaccurate times.
  • Supply counts are checked every 10 seconds.